cohdb
Replays
Latest Replays
All Replays
Popular Replays
Top Player Replays
Match Explorer
How It Works
Community
CoH3 Stats
Reddit
Sign in to upload your games and track your stats! →
Sign in with Steam
Match 40958987
Unlisted
Match 40958987
Overview
Messages
Build Orders
End
Kettenkrad Recon Vehicle
Construct Infanterie Kompanie
MG 42 Machine Gun Team
Selects Terror Battlegroup
Selects Machine Gun Camouflage
MG 42 Machine Gun Team
MG 42 Machine Gun Team
Construct Panzergrenadier Kompanie
MG 42 Machine Gun Team
Pak 40 Anti-tank Gun Team
Support Elements
Nebelwerfer 42 Rocket Launcher Team
Nebelwerfer 42 Rocket Launcher Team
Medical Bunker
Construct Panzer Kompanie
MG 42 Bunker
Pioneer Squad
Selects Contempt for the Weak
Selects Propaganda Leaflet Drop
Pioneer Squad
Panzer IV Medium Tank
Selects V1 Rocket Strike
Kettenkrad Recon Vehicle
Repair Bunker
Pioneer Squad
Propaganda Leaflet Drop
V1 Rocket Strike
Panzer IV Medium Tank
Propaganda Leaflet Drop
Selects Defend the Fatherland
MG 42 Bunker
Pioneer Squad
Pioneer Squad
Propaganda Leaflet Drop
Panzer IV Medium Tank
Kettenkrad Recon Vehicle
Pioneer Squad
Propaganda Leaflet Drop
Pioneer Squad
MG 42 Machine Gun Team
Selects King Tiger Heavy Tank
King Tiger Heavy Tank
Pioneer Squad
MG 42 Machine Gun Team
V1 Rocket Strike
Pioneer Squad
MG 42 Machine Gun Team
Kettenkrad Recon Vehicle
Propaganda Leaflet Drop
MG 42 Bunker
MG 42 Machine Gun Team
MG 42 Machine Gun Team
Pioneer Squad
Pioneer Squad
Panzer IV Medium Tank
Propaganda Leaflet Drop
苏大大
UA - ♠ $imA ♠
二郎显圣真君
[EPIC]SAGEKING
Reese Witherspoon
Yaas
0
0
Comments
sign in to comment!
No comments posted yet!